Map: [ESL] Waterfall

Players

Lambo - Winner!

  • Race: Zerg Zerg
  • League: Master
  • Spawn Location: 7:00

Serral

  • Race: Zerg Zerg
  • Spawn Location: 1:00

Event: HomeStory Cup XXI

VOD

Have the link to the VOD?

Description

Time

  • Played on: July 24, 2022, 1:25 p.m.
  • Length: 8:21

All games in this series

Show
View Real Time Build Order
Export as new Build Order

Lambo Zerg - Winner!

Build Orders: Hatch First, Zergling Baneling 

Get SALT Encoding   

  12  0:00  Drone  
  13  0:11  Overlord  
  13  0:16  Drone  
  14  0:30  Drone x2  
  16  0:47  Hatchery  
  15  0:50  Drone  
  15  0:54  Drone  
  18  0:57  Drone  
  18  1:07  Extractor  
  17  1:12  Spawning Pool  
  17  1:15  Drone  
  17  1:19  Drone  
  18  1:27  Drone  
  19  1:38  Drone  
  20  1:48  Drone  
  21  1:59  Queen x2  
  21  2:00  Drone  
  21  2:01  Overlord  
  26  2:07  Metabolic Boost  
  26  2:12  Drone  
  26  2:14  Zergling x2  
  28  2:24  Zergling x2  
  28  2:28  Overlord  
  29  2:32  Baneling Nest  
  29  2:35  Zergling x2  
  31  2:45  Zergling x4  
  31  2:51  Zergling x2  
  34  2:56  Zergling x4  
  34  3:04  Overlord, Zergling x2  
  35  3:07  Zergling x10  
  35  3:08  Zergling x2  
  41  3:18  Zergling x4  
  43  3:32  Zergling x4  
  45  3:36  Baneling x7  
  45  3:39  Zergling x8  
  48  3:43  Zergling x4  
  48  3:47  Zergling x2  
  48  3:48  Baneling  
  48  3:52  Zergling x2  
  48  3:54  Zergling x2  
  47  4:01  Zergling x4  
  44  4:09  Zergling x2  
  44  4:15  Zergling x8  
  48  4:19  Zergling x2  
  48  4:21  Zergling x2  
  48  4:24  Zergling x2  
  48  4:27  Zergling x2  
  48  4:29  Zergling x2  
  48  4:32  Zergling x2  
  48  4:34  Baneling x2  
  43  4:40  Zergling x2  
  43  4:41  Drone  
  44  4:50  Drone  
  44  4:51  Lair  
  41  5:01  Drone x2  
  41  5:03  Drone  
  37  5:09  Extractor, Drone x4  
  37  5:11  Drone  
  37  5:14  Drone  
  41  5:17  Drone  
  41  5:20  Drone  
  43  5:23  Drone  
  43  5:25  Drone  
  45  5:33  Drone, Extractor  
  45  5:35  Extractor  
  44  5:37  Drone  
  44  5:38  Drone  
  44  5:39  Drone x2  
  44  5:40  Drone x2  
  50  5:46  Spine Crawler  
  50  5:47  Spine Crawler  
  50  5:49  Zergling x2  
  51  5:53  Extractor  
  51  5:56  Spire  
  51  5:57  Extractor  
  51  6:00  Overlord  
  51  6:01  Overlord, Drone  
  51  6:06  Overlord  
  51  6:08  Overlord  
  51  6:14  Zergling x2  
  52  6:20  Overlord  
  52  6:22  Zergling x8  
  56  6:28  Zergling x4  
  58  6:37  Zergling x12  
  64  7:11  Mutalisk x6  
  64  7:13  Overlord  
  76  7:17  Drone x2  
  76  7:18  Hatchery  
  76  7:21  Mutalisk  
  79  7:24  Drone x2  
  79  7:29  Evolution Chamber  
  80  7:30  Mutalisk  
  80  7:32  Drone  
  83  7:39  Drone x3  
  86  7:44  Roach Warren  
  86  7:48  Mutalisk  
  86  7:50  Drone x2  
  89  7:58  Overlord  
Show
View Real Time Build Order
Export as new Build Order

Serral Zerg 

Build Orders: Hatch First 

Get SALT Encoding   

  12  0:00  Drone  
  13  0:12  Overlord  
  13  0:17  Drone  
  14  0:31  Drone x2  
  16  0:48  Hatchery  
  15  0:52  Drone  
  15  0:55  Drone  
  17  0:59  Drone  
  18  1:09  Extractor  
  17  1:14  Spawning Pool  
  17  1:17  Drone  
  17  1:20  Drone  
  18  1:29  Drone  
  19  1:39  Drone  
  20  1:49  Drone  
  21  2:01  Queen x2  
  23  2:02  Overlord, Zergling x2  
  26  2:10  Drone  
  26  2:11  Drone  
  28  2:21  Drone  
  28  2:22  Drone  
  30  2:32  Drone  
  30  2:33  Drone  
  30  2:36  Queen x2  
  34  2:42  Overlord  
  34  2:44  Overlord  
  35  2:55  Evolution Chamber  
  34  2:59  Drone  
  34  3:00  Drone  
  36  3:06  Drone  
  36  3:07  Drone  
  36  3:10  Drone x6  
  44  3:19  Drone x2  
  46  3:27  Roach Warren  
  45  3:30  Evolution Chamber  
  45  3:33  Zerg Missile Weapons Level 1  
  44  3:39  Roach Warren  
  43  3:42  Evolution Chamber  
  43  3:43  Drone x2  
  43  3:46  Drone  
  45  3:50  Queen  
  45  3:53  Zergling x4  
  49  3:59  Zergling x4  
  49  4:00  Zergling x2  
  48  4:07  Roach x2  
  47  4:10  Roach x2  
  47  4:15  Roach  
  47  4:21  Roach  
  45  4:26  Queen  
  38  4:37  Drone  
  37  4:44  Roach  
  39  4:50  Roach  
  41  4:53  Roach  
  41  4:59  Roach  
  44  5:06  Drone  
  41  5:11  Drone  
  41  5:13  Drone  
  43  5:19  Overlord  
  43  5:24  Drone  
  44  5:31  Lair  
  44  5:39  Drone  
  44  5:40  Drone x2  
  44  5:42  Drone  
  48  5:46  Drone  
  49  5:51  Drone x2  
  49  5:56  Overlord  
  51  6:00  Extractor  
  51  6:03  Drone  
  51  6:05  Drone  
  51  6:09  Overlord  
  52  6:18  Drone  
  52  6:19  Drone x3  
  52  6:25  Drone  
  57  6:28  Extractor  
  57  6:29  Overseer  
  56  6:32  Overlord  
  56  6:33  Drone  
  56  6:39  Drone x3  
  60  6:42  Drone  
  61  6:47  Roach x2  
  65  6:57  Queen  
  65  6:58  Overlord  
  67  7:02  Overlord  
  67  7:11  Overlord x2  
  67  7:16  Queen  
  67  7:19  Drone x5  
  74  7:24  Roach x2  
  78  7:35  Hatchery  
  77  7:41  Roach x3  
  83  7:46  Spore Crawler  
  83  7:47  Spore Crawler x2  
  88  8:11  Spore Crawler  
Tags
 
Add a new tag
Caveats
  • Supply blocks, unpowered buildings, or Contaminate may cause inaccurate times.
  • Supply counts are checked every 10 seconds.